[ PARTIDA AOE2 · #474607632 ]
UnrankedGurjaras vs Ethiopians
[ ANÁLISIS DE REPETICIÓN · EXTRAÍDO DE LA PARTIDA GRABADA ]
Feudal
12:03
Castillos
20:42
Imperial
42:33
| APM promedio | 41.1 |
| APM pico | 80 |
| eAPM promedio | 23.9 |
| Aldeanos / militares | 232 / 164 |
Foco
⚔️ 33.6% · 🌾 66.4%
Camel Scout ×88 · Scorpion ×45 · Hand Cannoneer ×11 · Scout Cavalry ×6 · Elephant Archer ×6 · Trebuchet (Packed) ×6
Feudal
14:00
Castillos
22:15
Imperial
45:28
| APM promedio | 23.3 |
| APM pico | 38 |
| eAPM promedio | 12.8 |
| Aldeanos / militares | 167 / 445 |
Foco
⚔️ 38.8% · 🌾 61.2%
Shotel Warrior ×373 · Archer ×65 · Trebuchet (Packed) ×4 · Spearman ×3
Feudal
13:31
Castillos
18:41
Imperial
—
| APM promedio | 18.7 |
| APM pico | 64 |
| eAPM promedio | 7.9 |
| Aldeanos / militares | 39 / 24 |
Foco
⚔️ 34.8% · 🌾 65.2%
Tarkan ×21 · Mangonel ×2 · Battering Ram ×1
Feudal
11:36
Castillos
17:19
Imperial
52:34
| APM promedio | 29.3 |
| APM pico | 65 |
| eAPM promedio | 14.6 |
| Aldeanos / militares | 135 / 63 |
Foco
⚔️ 32.5% · 🌾 67.5%
Conquistador ×45 · Battering Ram ×9 · Mangonel ×5 · Bombard Cannon ×3 · Spearman ×1
Feudal
12:42
Castillos
16:12
Imperial
40:22
| APM promedio | 42.9 |
| APM pico | 85 |
| eAPM promedio | 26.2 |
| Aldeanos / militares | 179 / 314 |
Foco
⚔️ 24.5% · 🌾 75.5%
Genoese Crossbowman ×223 · Scout Cavalry ×40 · Knight ×37 · Bombard Cannon ×11 · Monk ×2 · Militia ×1
Feudal
15:06
Castillos
20:24
Imperial
50:17
| APM promedio | 40.4 |
| APM pico | 93 |
| eAPM promedio | 14.5 |
| Aldeanos / militares | 135 / 143 |
Foco
⚔️ 38.7% · 🌾 61.3%
Cavalry Archer ×115 · Janissary ×25 · Trebuchet (Packed) ×3
Feudal
13:20
Castillos
23:02
Imperial
44:26
| APM promedio | 26.6 |
| APM pico | 80 |
| eAPM promedio | 12.4 |
| Aldeanos / militares | 165 / 394 |
Foco
⚔️ 38.0% · 🌾 62.0%
Genitour ×199 · Archer ×127 · Scout Cavalry ×35 · Camel Archer ×13 · Scorpion ×8 · Camel Scout ×6
Feudal
10:58
Castillos
14:54
Imperial
43:33
| APM promedio | 42.1 |
| APM pico | 67 |
| eAPM promedio | 21.9 |
| Aldeanos / militares | 178 / 341 |
Foco
⚔️ 28.6% · 🌾 71.4%
Knight ×293 · Ballista Elephant ×43 · Monk ×3 · Scout Cavalry ×2
Mapa de la partida
Recursos iniciales + cada clic de construcción. Líneas = muros · curvas = relieve. ◆ oro · ⬟ piedra · ● bayas · ✦ reliquia · ◌ hueco del cierre
Inputs por minuto
— JamesGoldAA - - Nezdeshni
Build order — JamesGoldAA
Primeras 150 de 617 acciones detectadas
| 0:24 | Construir | Town Center |
| 2:06 | Construir | House |
| 2:48 | Crear | Villager (Male) |
| 2:48 | Crear | Villager (Male) |
| 2:48 | Crear | Villager (Male) |
| 2:49 | Crear | Villager (Male) |
| 2:56 | Construir | Mill |
| 4:16 | Crear | Villager (Male) |
| 4:16 | Crear | Villager (Male) |
| 4:47 | Crear | Villager (Male) |
| 4:53 | Construir | House |
| 5:06 | Crear | Villager (Male) |
| 5:28 | Crear | Villager (Male) |
| 5:49 | Construir | House |
| 5:53 | Crear | Villager (Male) |
| 5:53 | Crear | Villager (Male) |
| 5:53 | Crear | Villager (Male) |
| 6:14 | Crear | Villager (Male) |
| 6:14 | Crear | Villager (Male) |
| 6:30 | Crear | Villager (Male) |
| 6:46 | Crear | Villager (Male) |
| 6:55 | Construir | House |
| 6:57 | Crear | Villager (Male) |
| 7:54 | Construir | Lumber Camp |
| 8:13 | Crear | Villager (Male) |
| 8:13 | Crear | Villager (Male) |
| 8:34 | Crear | Villager (Male) |
| 8:43 | Construir | House |
| 8:45 | Construir | House |
| 8:56 | Construir | House |
| 9:09 | Construir | House |
| 9:12 | Construir | House |
| 9:26 | Crear | Villager (Male) |
| 9:28 | Investigar | Loom |
| 9:47 | Investigar | Feudal Age |
| 9:59 | Construir | House |
| 10:14 | Construir | House |
| 10:23 | Construir | Palisade Wall |
| 10:36 | Construir | House |
| 10:57 | Crear | Villager (Male) |
| 11:03 | Construir | Barracks |
| 11:42 | Construir | House |
| 11:45 | Crear | Villager (Male) |
| 12:03 | Edad | Edad Feudal |
| 12:08 | Construir | Stable |
| 12:12 | Crear | Villager (Male) |
| 12:30 | Crear | Villager (Male) |
| 12:35 | Investigar | Double-Bit Axe |
| 12:36 | Investigar | Horse Collar |
| 12:45 | Crear | Villager (Male) |
| 13:22 | Construir | House |
| 13:23 | Crear | Scout Cavalry |
| 13:23 | Crear | Scout Cavalry |
| 13:24 | Crear | Scout Cavalry |
| 13:24 | Crear | Villager (Male) |
| 13:34 | Construir | Mill |
| 13:49 | Crear | Villager (Male) |
| 13:53 | Construir | House |
| 14:22 | Construir | House |
| 14:24 | Construir | House |
| 14:42 | Crear | Scout Cavalry |
| 14:44 | Crear | Villager (Male) |
| 14:45 | Construir | Mining Camp |
| 15:08 | Crear | Villager (Male) |
| 15:24 | Crear | Villager (Male) |
| 15:25 | Crear | Scout Cavalry |
| 15:26 | Crear | Scout Cavalry |
| 16:12 | Crear | Spearman |
| 16:35 | Crear | Villager (Male) |
| 17:05 | Crear | Villager (Male) |
| 17:10 | Crear | Spearman |
| 17:15 | Construir | Blacksmith |
| 17:18 | Construir | House |
| 17:20 | Construir | House |
| 17:20 | Construir | House |
| 17:21 | Construir | House |
| 17:37 | Crear | Villager (Male) |
| 17:49 | Investigar | Castle Age |
| 17:49 | Investigar | Castle Age |
| 19:38 | Construir | Stable |
| 20:35 | Investigar | Bloodlines |
| 20:36 | Investigar | Scale Barding Armor |
| 20:37 | Investigar | Forging |
| 20:42 | Edad | Edad de los Castillos |
| 20:48 | Crear | Camel Scout |
| 20:49 | Crear | Camel Scout |
| 20:49 | Crear | Camel Scout |
| 20:51 | Construir | House |
| 20:59 | Construir | Town Center |
| 21:01 | Construir | Town Center |
| 21:04 | Crear | Villager (Male) |
| 21:06 | Investigar | Bow Saw |
| 21:10 | Crear | Camel Scout |
| 21:10 | Crear | Camel Scout |
| 21:13 | Crear | Camel Scout |
| 21:29 | Crear | Villager (Male) |
| 21:30 | Crear | Villager (Male) |
| 21:30 | Crear | Villager (Male) |
| 21:30 | Crear | Villager (Male) |
| 21:39 | Crear | Villager (Male) |
| 21:59 | Crear | Camel Scout |
| 22:14 | Crear | Villager (Male) |
| 22:37 | Crear | Villager (Male) |
| 22:38 | Crear | Villager (Male) |
| 22:38 | Crear | Villager (Male) |
| 22:58 | Crear | Camel Scout |
| 22:59 | Crear | Camel Scout |
| 23:05 | Construir | Farm |
| 23:05 | Construir | Farm |
| 23:05 | Construir | Farm |
| 23:06 | Construir | Farm |
| 23:06 | Construir | Farm |
| 23:12 | Crear | Villager (Male) |
| 23:12 | Crear | Villager (Male) |
| 23:18 | Construir | Farm |
| 23:19 | Construir | Farm |
| 23:23 | Crear | Villager (Male) |
| 23:24 | Crear | Camel Scout |
| 23:31 | Construir | Farm |
| 23:34 | Construir | Farm |
| 23:36 | Construir | Farm |
| 23:42 | Crear | Villager (Male) |
| 23:42 | Crear | Villager (Male) |
| 23:50 | Construir | Farm |
| 23:50 | Construir | Farm |
| 24:00 | Crear | Camel Scout |
| 24:00 | Crear | Villager (Male) |
| 24:01 | Crear | Villager (Male) |
| 24:05 | Construir | Farm |
| 24:06 | Construir | Farm |
| 24:40 | Crear | Camel Scout |
| 24:41 | Crear | Villager (Male) |
| 24:41 | Crear | Villager (Male) |
| 24:42 | Crear | Camel Scout |
| 24:42 | Crear | Camel Scout |
| 24:53 | Crear | Villager (Male) |
| 24:53 | Crear | Villager (Male) |
| 24:54 | Crear | Villager (Male) |
| 24:54 | Crear | Villager (Male) |
| 24:59 | Construir | Farm |
| 25:07 | Crear | Camel Scout |
| 25:07 | Crear | Camel Scout |
| 25:16 | Crear | Villager (Male) |
| 25:23 | Crear | Camel Scout |
| 25:23 | Crear | Camel Scout |
| 25:25 | Crear | Villager (Male) |
| 25:25 | Crear | Villager (Male) |
| 25:25 | Crear | Villager (Male) |
| 25:29 | Construir | Farm |
| 25:31 | Construir | Farm |
Build order — Nezdeshni
Primeras 150 de 346 acciones detectadas
| 0:14 | Construir | Town Center |
| 2:06 | Construir | House |
| 2:48 | Crear | Villager (Male) ×4 |
| 3:40 | Construir | House |
| 3:45 | Construir | Lumber Camp |
| 4:14 | Crear | Villager (Male) |
| 4:15 | Investigar | Loom |
| 4:42 | Crear | Villager (Male) |
| 5:18 | Crear | Villager (Male) |
| 5:32 | Crear | Villager (Male) |
| 5:38 | Construir | House |
| 5:57 | Construir | House |
| 6:41 | Crear | Villager (Male) |
| 7:15 | Construir | House |
| 7:26 | Crear | Villager (Male) ×2 |
| 7:26 | Crear | Villager (Male) ×2 |
| 8:23 | Crear | Villager (Male) ×4 |
| 8:53 | Crear | Villager (Male) ×3 |
| 9:30 | Construir | House |
| 9:32 | Construir | House |
| 9:34 | Construir | House |
| 9:40 | Crear | Villager (Male) ×5 |
| 10:22 | Construir | Mill |
| 10:52 | Construir | House |
| 11:28 | Construir | House |
| 11:47 | Investigar | Feudal Age |
| 12:12 | Construir | House |
| 12:13 | Construir | House |
| 12:15 | Construir | House |
| 12:19 | Construir | Palisade Gate |
| 12:23 | Construir | House |
| 12:40 | Crear | Villager (Male) |
| 14:00 | Edad | Edad Feudal |
| 14:04 | Construir | House |
| 14:11 | Crear | Villager (Male) |
| 14:12 | Crear | Villager (Male) |
| 14:13 | Investigar | Double-Bit Axe |
| 14:19 | Construir | House |
| 14:46 | Construir | Mining Camp |
| 14:57 | Crear | Villager (Male) |
| 14:58 | Crear | Villager (Male) |
| 15:14 | Construir | House |
| 15:31 | Construir | House |
| 15:51 | Investigar | Wheelbarrow |
| 15:55 | Investigar | Gold Mining |
| 15:56 | Investigar | Stone Mining |
| 16:44 | Construir | Barracks |
| 17:10 | Crear | Villager (Male) ×5 |
| 17:26 | Construir | House |
| 18:09 | Construir | Blacksmith |
| 18:38 | Crear | Villager (Male) |
| 18:48 | Construir | Market |
| 19:03 | Crear | Spearman |
| 19:10 | Crear | Villager (Male) |
| 19:27 | Investigar | Castle Age |
| 19:31 | Crear | Spearman |
| 19:31 | Crear | Spearman |
| 20:00 | Investigar | Horse Collar |
| 20:27 | Investigar | Forging |
| 20:28 | Investigar | Scale Mail Armor |
| 20:32 | Investigar | Arson |
| 21:31 | Construir | Mill |
| 22:00 | Crear | Villager (Male) |
| 22:00 | Crear | Villager (Male) |
| 22:01 | Crear | Villager (Male) |
| 22:15 | Edad | Edad de los Castillos |
| 22:21 | Construir | Castle |
| 22:27 | Crear | Villager (Male) |
| 22:56 | Investigar | Squires |
| 22:59 | Investigar | Iron Casting |
| 23:01 | Crear | Villager (Male) |
| 23:13 | Construir | Town Center |
| 23:50 | Crear | Villager (Male) |
| 23:50 | Crear | Villager (Male) |
| 24:07 | Crear | Shotel Warrior ×5 |
| 24:08 | Crear | Shotel Warrior ×4 |
| 24:44 | Construir | Town Center |
| 24:49 | Crear | Shotel Warrior ×2 |
| 25:05 | Crear | Villager (Male) ×4 |
| 25:33 | Crear | Shotel Warrior |
| 25:50 | Crear | Shotel Warrior ×4 |
| 25:50 | Crear | Shotel Warrior ×4 |
| 25:54 | Crear | Villager (Male) ×4 |
| 26:16 | Crear | Villager (Male) ×5 |
| 26:19 | Crear | Shotel Warrior |
| 26:19 | Crear | Shotel Warrior |
| 26:20 | Crear | Shotel Warrior |
| 26:50 | Crear | Shotel Warrior ×2 |
| 27:36 | Crear | Shotel Warrior ×5 |
| 27:50 | Construir | Town Center |
| 28:21 | Crear | Shotel Warrior ×5 |
| 28:22 | Crear | Shotel Warrior |
| 28:22 | Crear | Shotel Warrior |
| 28:22 | Crear | Shotel Warrior |
| 29:11 | Investigar | Hand Cart |
| 29:55 | Crear | Shotel Warrior ×5 |
| 30:39 | Investigar | Chain Mail Armor |
| 30:40 | Crear | Shotel Warrior ×2 |
| 31:08 | Crear | Shotel Warrior ×2 |
| 31:22 | Crear | Villager (Male) |
| 31:27 | Construir | Farm |
| 31:57 | Crear | Shotel Warrior ×5 |
| 31:58 | Crear | Shotel Warrior ×4 |
| 32:17 | Construir | Castle |
| 32:22 | Crear | Shotel Warrior ×5 |
| 32:23 | Crear | Shotel Warrior |
| 32:46 | Construir | Castle |
| 32:47 | Construir | Mining Camp |
| 33:03 | Crear | Villager (Male) ×5 |
| 33:04 | Crear | Villager (Male) ×3 |
| 33:04 | Crear | Villager (Male) ×3 |
| 33:19 | Crear | Shotel Warrior |
| 33:19 | Crear | Shotel Warrior |
| 33:34 | Construir | Farm |
| 33:35 | Construir | Farm |
| 33:37 | Construir | Farm |
| 33:45 | Crear | Villager (Male) |
| 33:45 | Crear | Villager (Male) |
| 33:51 | Crear | Villager (Male) ×2 |
| 34:52 | Crear | Villager (Male) ×4 |
| 35:14 | Construir | Mining Camp |
| 35:24 | Construir | Town Center |
| 35:29 | Crear | Villager (Male) ×3 |
| 35:29 | Crear | Villager (Male) ×3 |
| 35:46 | Construir | Archery Range |
| 35:48 | Construir | Archery Range |
| 35:50 | Construir | Archery Range |
| 35:51 | Construir | Archery Range |
| 35:52 | Investigar | Fletching |
| 36:04 | Construir | Farm |
| 36:05 | Construir | Farm |
| 36:06 | Crear | Villager (Male) ×2 |
| 36:09 | Construir | Farm |
| 36:11 | Construir | Farm |
| 36:30 | Construir | Mill |
| 36:34 | Crear | Villager (Male) |
| 36:42 | Construir | Farm |
| 36:55 | Construir | Farm |
| 37:02 | Investigar | Bodkin Arrow |
| 37:14 | Construir | Farm |
| 37:18 | Crear | Villager (Male) ×5 |
| 37:52 | Construir | Castle |
| 37:56 | Construir | University |
| 38:01 | Crear | Villager (Male) ×5 |
| 38:03 | Crear | Villager (Male) ×3 |
| 38:08 | Construir | Farm |
| 38:08 | Construir | Farm |
| 38:13 | Construir | Lumber Camp |
| 38:14 | Investigar | Bow Saw |
| 38:32 | Construir | Mining Camp |
Build order — The FroZen BlaDe
96 acciones detectadas en el replay
| 0:15 | Construir | Town Center |
| 2:48 | Crear | Villager (Male) |
| 2:48 | Crear | Villager (Male) |
| 3:23 | Crear | Villager (Male) ×2 |
| 3:50 | Construir | Mill |
| 4:33 | Investigar | Loom |
| 4:39 | Construir | Lumber Camp |
| 4:54 | Crear | Villager (Male) |
| 4:54 | Crear | Villager (Male) |
| 5:30 | Crear | Villager (Male) |
| 5:31 | Crear | Villager (Male) |
| 5:36 | Crear | Villager (Male) |
| 5:36 | Crear | Villager (Male) |
| 6:15 | Crear | Villager (Male) |
| 6:15 | Crear | Villager (Male) |
| 6:16 | Crear | Villager (Male) |
| 6:17 | Crear | Villager (Male) |
| 6:46 | Crear | Villager (Male) |
| 6:47 | Crear | Villager (Male) |
| 7:26 | Crear | Villager (Male) |
| 7:27 | Crear | Villager (Male) |
| 7:37 | Crear | Villager (Male) |
| 8:01 | Crear | Villager (Male) |
| 8:01 | Crear | Villager (Male) |
| 8:02 | Crear | Villager (Male) |
| 8:35 | Crear | Villager (Male) |
| 8:35 | Crear | Villager (Male) |
| 8:35 | Crear | Villager (Male) |
| 9:12 | Crear | Villager (Male) |
| 9:12 | Crear | Villager (Male) |
| 9:34 | Construir | Barracks |
| 9:52 | Construir | Barracks |
| 10:04 | Crear | Villager (Male) |
| 10:05 | Crear | Villager (Male) |
| 10:08 | Construir | Barracks |
| 10:16 | Crear | Villager (Male) |
| 10:16 | Crear | Villager (Male) |
| 10:45 | Construir | Lumber Camp |
| 10:54 | Construir | Mill |
| 11:01 | Crear | Villager (Male) |
| 11:20 | Investigar | Feudal Age |
| 11:57 | Construir | Palisade Wall |
| 12:04 | Crear | Villager (Male) |
| 12:05 | Crear | Villager (Male) |
| 13:01 | Construir | Barracks |
| 13:05 | Construir | Palisade Wall |
| 13:24 | Construir | Outpost |
| 13:31 | Edad | Edad Feudal |
| 13:31 | Construir | Outpost |
| 13:46 | Crear | Villager (Male) |
| 13:51 | Construir | Market |
| 14:21 | Crear | Villager (Male) |
| 14:50 | Construir | Blacksmith |
| 14:54 | Crear | Villager (Male) |
| 15:26 | Crear | Villager (Male) |
| 16:01 | Investigar | Castle Age |
| 16:15 | Construir | Palisade Wall |
| 16:58 | Construir | Palisade Wall |
| 16:59 | Construir | Palisade Wall |
| 17:13 | Construir | Outpost |
| 17:21 | Crear | Villager (Male) |
| 18:41 | Edad | Edad de los Castillos |
| 18:59 | Construir | Castle |
| 20:15 | Crear | Tarkan |
| 20:24 | Construir | Mining Camp |
| 20:34 | Construir | Siege Workshop |
| 20:38 | Investigar | Double-Bit Axe |
| 21:17 | Crear | Mangonel |
| 22:17 | Crear | Battering Ram |
| 25:50 | Crear | Mangonel |
| 26:38 | Construir | Lumber Camp |
| 28:14 | Construir | Siege Workshop |
| 28:47 | Crear | Tarkan |
| 28:47 | Crear | Tarkan |
| 28:47 | Crear | Tarkan |
| 31:01 | Crear | Tarkan |
| 31:01 | Crear | Tarkan |
| 31:01 | Crear | Tarkan |
| 31:02 | Crear | Tarkan |
| 31:02 | Crear | Tarkan |
| 32:01 | Crear | Tarkan |
| 32:01 | Crear | Tarkan |
| 32:02 | Crear | Tarkan |
| 35:35 | Construir | Mining Camp |
| 37:47 | Construir | Mill |
| 40:18 | Investigar | Scale Barding Armor |
| 40:22 | Investigar | Forging |
| 40:27 | Crear | Tarkan |
| 40:28 | Crear | Tarkan |
| 40:28 | Crear | Tarkan |
| 40:29 | Crear | Tarkan |
| 42:19 | Crear | Tarkan |
| 42:20 | Crear | Tarkan |
| 42:20 | Crear | Tarkan |
| 42:20 | Crear | Tarkan |
| 42:20 | Crear | Tarkan |
Build order — 4ndr3w
Primeras 150 de 259 acciones detectadas
| 0:08 | Construir | Town Center |
| 1:22 | Construir | House |
| 2:20 | Crear | Villager (Male) |
| 2:20 | Crear | Villager (Male) |
| 2:20 | Crear | Villager (Male) |
| 2:21 | Crear | Villager (Male) |
| 2:21 | Crear | Villager (Male) |
| 2:46 | Construir | House |
| 3:00 | Construir | House |
| 3:18 | Construir | House |
| 3:26 | Crear | Villager (Male) |
| 3:27 | Crear | Villager (Male) |
| 3:32 | Construir | House |
| 3:46 | Construir | House |
| 4:05 | Crear | Villager (Male) |
| 4:05 | Crear | Villager (Male) |
| 4:06 | Crear | Villager (Male) |
| 4:19 | Construir | House |
| 4:43 | Construir | Lumber Camp |
| 4:49 | Crear | Villager (Male) |
| 4:49 | Crear | Villager (Male) |
| 4:49 | Crear | Villager (Male) |
| 5:07 | Crear | Villager (Male) |
| 5:07 | Crear | Villager (Male) |
| 5:34 | Crear | Villager (Male) |
| 5:57 | Crear | Villager (Male) |
| 5:58 | Crear | Villager (Male) |
| 6:15 | Construir | House |
| 6:21 | Crear | Villager (Male) |
| 6:31 | Crear | Villager (Male) |
| 6:54 | Crear | Villager (Male) |
| 7:07 | Construir | Mill |
| 7:30 | Construir | House |
| 7:46 | Crear | Villager (Male) |
| 7:57 | Crear | Villager (Male) |
| 8:19 | Construir | House |
| 8:36 | Crear | Villager (Male) |
| 9:00 | Crear | Villager (Male) |
| 9:23 | Investigar | Feudal Age |
| 9:23 | Investigar | Feudal Age |
| 9:34 | Construir | Mining Camp |
| 10:51 | Crear | Villager (Male) |
| 11:25 | Investigar | Loom |
| 11:26 | Crear | Villager (Male) |
| 11:30 | Crear | Villager (Male) |
| 11:36 | Edad | Edad Feudal |
| 11:39 | Construir | Market |
| 11:44 | Construir | Blacksmith |
| 12:31 | Construir | House |
| 12:56 | Construir | House |
| 12:57 | Crear | Villager (Male) |
| 13:23 | Crear | Villager (Male) |
| 13:27 | Construir | House |
| 13:47 | Investigar | Loom |
| 14:02 | Construir | House |
| 14:28 | Construir | Barracks |
| 14:39 | Investigar | Castle Age |
| 14:39 | Investigar | Castle Age |
| 14:39 | Investigar | Castle Age |
| 15:34 | Investigar | Double-Bit Axe |
| 16:26 | Construir | Mining Camp |
| 16:54 | Crear | Spearman |
| 17:09 | Crear | Villager (Male) |
| 17:09 | Crear | Villager (Male) |
| 17:19 | Edad | Edad de los Castillos |
| 17:44 | Construir | Castle |
| 17:54 | Crear | Villager (Male) |
| 17:55 | Crear | Villager (Male) |
| 18:12 | Investigar | Fletching |
| 18:21 | Construir | Stable |
| 18:30 | Construir | Siege Workshop |
| 18:44 | Crear | Conquistador |
| 18:45 | Crear | Conquistador |
| 18:45 | Crear | Conquistador |
| 19:07 | Crear | Mangonel |
| 19:07 | Crear | Mangonel |
| 19:44 | Construir | Mining Camp |
| 20:12 | Crear | Villager (Male) |
| 20:14 | Crear | Villager (Male) |
| 20:43 | Crear | Villager (Male) |
| 20:44 | Crear | Villager (Male) |
| 22:05 | Construir | Town Center |
| 22:13 | Crear | Conquistador |
| 22:13 | Crear | Conquistador |
| 22:27 | Crear | Villager (Male) |
| 22:27 | Crear | Villager (Male) |
| 22:27 | Crear | Villager (Male) |
| 22:30 | Crear | Mangonel |
| 23:11 | Crear | Villager (Male) |
| 23:12 | Crear | Villager (Male) |
| 23:33 | Crear | Mangonel |
| 23:53 | Crear | Villager (Male) |
| 24:10 | Crear | Conquistador |
| 24:18 | Crear | Villager (Male) |
| 24:57 | Crear | Conquistador |
| 24:59 | Crear | Villager (Male) ×2 |
| 25:09 | Construir | Castle |
| 25:35 | Crear | Villager (Male) ×4 |
| 25:37 | Construir | Farm |
| 25:49 | Crear | Battering Ram |
| 25:51 | Crear | Villager (Male) |
| 25:51 | Crear | Villager (Male) |
| 26:14 | Crear | Conquistador |
| 26:26 | Crear | Battering Ram |
| 26:29 | Crear | Villager (Male) |
| 26:29 | Crear | Villager (Male) |
| 26:35 | Construir | Lumber Camp |
| 26:45 | Crear | Villager (Male) |
| 26:45 | Crear | Villager (Male) |
| 26:54 | Construir | Farm |
| 27:15 | Crear | Conquistador |
| 27:17 | Crear | Villager (Male) ×2 |
| 27:17 | Crear | Villager (Male) ×2 |
| 27:46 | Construir | Town Center |
| 28:13 | Crear | Conquistador ×2 |
| 28:20 | Construir | House |
| 28:23 | Construir | House |
| 28:25 | Construir | Stone Wall |
| 28:54 | Construir | Mining Camp |
| 28:55 | Crear | Villager (Male) |
| 28:55 | Crear | Villager (Male) |
| 28:55 | Crear | Villager (Male) |
| 29:53 | Construir | Farm |
| 29:53 | Construir | Farm |
| 31:00 | Crear | Conquistador ×3 |
| 31:00 | Crear | Conquistador ×3 |
| 31:46 | Construir | Castle |
| 32:10 | Crear | Villager (Male) |
| 32:10 | Crear | Villager (Male) |
| 32:32 | Crear | Villager (Male) ×4 |
| 33:16 | Construir | Farm |
| 33:17 | Construir | Farm |
| 34:18 | Construir | Town Center |
| 34:27 | Crear | Conquistador |
| 34:27 | Crear | Conquistador |
| 34:54 | Crear | Conquistador |
| 34:54 | Crear | Conquistador |
| 35:07 | Crear | Conquistador |
| 35:07 | Crear | Conquistador |
| 35:32 | Crear | Villager (Male) |
| 35:32 | Crear | Villager (Male) |
| 35:45 | Crear | Conquistador |
| 35:45 | Crear | Conquistador |
| 35:50 | Crear | Villager (Male) |
| 35:53 | Construir | Town Center |
| 35:59 | Construir | Siege Workshop |
| 36:08 | Crear | Villager (Male) ×3 |
| 36:08 | Crear | Villager (Male) ×3 |
| 36:21 | Crear | Villager (Male) |
| 36:31 | Construir | House |
Build order — trx_buff
Primeras 150 de 524 acciones detectadas
| 0:31 | Construir | Town Center |
| 0:57 | Construir | House |
| 2:35 | Crear | Villager (Male) |
| 2:35 | Crear | Villager (Male) |
| 2:35 | Crear | Villager (Male) |
| 2:35 | Crear | Villager (Male) |
| 3:15 | Construir | House |
| 3:58 | Crear | Villager (Male) |
| 4:29 | Construir | House |
| 4:34 | Construir | Lumber Camp |
| 4:37 | Crear | Villager (Male) |
| 4:37 | Crear | Villager (Male) |
| 4:39 | Crear | Villager (Male) |
| 4:57 | Crear | Villager (Male) |
| 5:14 | Crear | Villager (Male) |
| 5:50 | Construir | House |
| 6:10 | Crear | Villager (Male) |
| 6:31 | Construir | House |
| 6:39 | Crear | Villager (Male) |
| 7:01 | Crear | Villager (Male) |
| 7:08 | Construir | Mill |
| 7:15 | Crear | Villager (Male) |
| 7:23 | Crear | Villager (Male) |
| 7:27 | Construir | House |
| 7:41 | Crear | Villager (Male) |
| 7:48 | Construir | House |
| 8:02 | Construir | House |
| 8:25 | Construir | House |
| 8:48 | Crear | Villager (Male) |
| 9:12 | Construir | House |
| 9:16 | Crear | Villager (Male) |
| 9:34 | Crear | Villager (Male) |
| 10:02 | Crear | Villager (Male) |
| 10:23 | Investigar | Loom |
| 10:29 | Investigar | Feudal Age |
| 10:30 | Crear | Villager (Male) |
| 10:33 | Crear | Villager (Male) |
| 10:34 | Crear | Villager (Male) |
| 10:36 | Construir | Mining Camp |
| 10:59 | Construir | House |
| 12:01 | Construir | Palisade Wall |
| 12:42 | Edad | Edad Feudal |
| 12:44 | Construir | Market |
| 12:46 | Construir | Blacksmith |
| 13:31 | Investigar | Castle Age |
| 13:42 | Investigar | Double-Bit Axe |
| 13:47 | Investigar | Horse Collar |
| 13:52 | Construir | Farm |
| 14:11 | Investigar | Loom |
| 14:13 | Crear | Villager (Male) |
| 14:21 | Construir | House |
| 14:23 | Construir | House |
| 14:34 | Construir | Farm |
| 14:38 | Crear | Villager (Male) |
| 15:01 | Construir | House |
| 15:03 | Construir | House |
| 16:12 | Edad | Edad de los Castillos |
| 16:16 | Construir | Town Center |
| 16:29 | Investigar | Wheelbarrow |
| 16:36 | Construir | Monastery |
| 16:53 | Crear | Villager (Male) |
| 16:59 | Investigar | Bow Saw |
| 17:23 | Construir | Farm |
| 17:23 | Crear | Monk |
| 17:38 | Crear | Villager (Male) |
| 17:39 | Crear | Villager (Male) |
| 17:45 | Investigar | Fletching |
| 18:08 | Construir | Farm |
| 18:13 | Construir | Farm |
| 18:14 | Crear | Villager (Male) |
| 18:15 | Crear | Villager (Male) |
| 18:30 | Construir | Barracks |
| 18:32 | Construir | Palisade Wall |
| 19:07 | Crear | Villager (Male) |
| 19:08 | Crear | Villager (Male) |
| 19:28 | Crear | Villager (Male) |
| 19:30 | Crear | Monk |
| 19:32 | Crear | Villager (Male) |
| 19:46 | Construir | Palisade Wall |
| 20:01 | Crear | Villager (Male) |
| 20:01 | Crear | Villager (Male) |
| 20:17 | Construir | Farm |
| 20:44 | Crear | Villager (Male) |
| 20:44 | Crear | Villager (Male) |
| 21:07 | Construir | Castle |
| 21:10 | Crear | Villager (Male) |
| 21:10 | Crear | Villager (Male) |
| 21:43 | Construir | University |
| 21:45 | Crear | Villager (Male) |
| 21:52 | Construir | Palisade Wall |
| 21:59 | Crear | Villager (Male) |
| 22:08 | Construir | Farm |
| 22:13 | Construir | Farm |
| 22:14 | Construir | Farm |
| 22:29 | Crear | Genoese Crossbowman |
| 22:29 | Crear | Genoese Crossbowman |
| 22:29 | Crear | Genoese Crossbowman |
| 22:48 | Investigar | Bodkin Arrow |
| 23:00 | Crear | Genoese Crossbowman |
| 23:09 | Crear | Villager (Male) |
| 23:10 | Crear | Villager (Male) |
| 23:11 | Crear | Genoese Crossbowman |
| 23:25 | Construir | Lumber Camp |
| 23:28 | Construir | Farm |
| 23:29 | Crear | Villager (Male) |
| 23:36 | Crear | Villager (Male) |
| 23:39 | Crear | Genoese Crossbowman |
| 23:39 | Crear | Genoese Crossbowman |
| 23:39 | Crear | Genoese Crossbowman |
| 24:02 | Crear | Villager (Male) |
| 24:09 | Crear | Villager (Male) |
| 24:19 | Crear | Genoese Crossbowman |
| 24:19 | Crear | Genoese Crossbowman |
| 24:35 | Crear | Villager (Male) |
| 24:37 | Crear | Genoese Crossbowman |
| 24:37 | Crear | Genoese Crossbowman |
| 25:08 | Crear | Villager (Male) |
| 25:20 | Construir | Town Center |
| 25:33 | Crear | Genoese Crossbowman |
| 25:33 | Crear | Genoese Crossbowman |
| 25:34 | Crear | Villager (Male) |
| 25:59 | Crear | Villager (Male) |
| 26:25 | Crear | Villager (Male) |
| 26:38 | Crear | Villager (Male) |
| 27:04 | Crear | Genoese Crossbowman ×5 |
| 27:04 | Crear | Villager (Male) |
| 27:05 | Crear | Villager (Male) |
| 27:12 | Crear | Genoese Crossbowman |
| 27:12 | Crear | Genoese Crossbowman |
| 27:12 | Crear | Genoese Crossbowman |
| 27:21 | Crear | Villager (Male) |
| 27:22 | Crear | Villager (Male) |
| 27:33 | Construir | Farm |
| 27:33 | Construir | Farm |
| 27:40 | Construir | Farm |
| 27:50 | Crear | Villager (Male) |
| 28:07 | Crear | Villager (Male) |
| 28:12 | Construir | Farm |
| 28:14 | Construir | Farm |
| 28:32 | Crear | Genoese Crossbowman |
| 28:32 | Crear | Genoese Crossbowman |
| 28:32 | Crear | Genoese Crossbowman |
| 28:33 | Crear | Villager (Male) |
| 28:33 | Crear | Villager (Male) |
| 28:33 | Crear | Villager (Male) |
| 29:28 | Crear | Villager (Male) |
| 29:29 | Crear | Villager (Male) |
| 29:33 | Construir | Farm |
| 29:33 | Construir | Farm |
| 29:33 | Construir | Farm |
Build order — Aragami2k
Primeras 150 de 313 acciones detectadas
| 0:15 | Construir | Town Center |
| 2:36 | Crear | Villager (Male) |
| 2:37 | Crear | Villager (Male) |
| 2:37 | Crear | Villager (Male) |
| 2:40 | Construir | House |
| 3:01 | Crear | Villager (Male) |
| 3:58 | Crear | Villager (Male) |
| 4:13 | Construir | House |
| 4:44 | Crear | Villager (Male) |
| 5:04 | Construir | House |
| 5:08 | Construir | House |
| 5:21 | Crear | Villager (Male) |
| 5:21 | Crear | Villager (Male) |
| 5:38 | Crear | Villager (Male) |
| 5:54 | Crear | Villager (Male) |
| 5:59 | Construir | House |
| 6:18 | Construir | House |
| 6:22 | Crear | Villager (Male) |
| 6:39 | Construir | House |
| 6:59 | Crear | Villager (Male) |
| 7:00 | Crear | Villager (Male) |
| 7:27 | Crear | Villager (Male) |
| 7:27 | Crear | Villager (Male) |
| 7:37 | Construir | House |
| 7:58 | Crear | Villager (Male) |
| 8:15 | Crear | Villager (Male) |
| 8:18 | Crear | Villager (Male) |
| 8:18 | Crear | Villager (Male) |
| 8:30 | Construir | House |
| 8:33 | Crear | Villager (Male) |
| 8:33 | Crear | Villager (Male) |
| 8:56 | Crear | Villager (Male) |
| 9:06 | Crear | Villager (Male) |
| 9:32 | Crear | Villager (Male) |
| 9:38 | Construir | Mill |
| 9:46 | Crear | Villager (Male) |
| 9:55 | Crear | Villager (Male) |
| 10:23 | Crear | Villager (Male) |
| 10:44 | Crear | Villager (Male) |
| 10:56 | Crear | Villager (Male) |
| 11:17 | Construir | House |
| 11:32 | Construir | House |
| 11:50 | Construir | House |
| 12:05 | Crear | Villager (Male) |
| 12:12 | Crear | Villager (Male) |
| 12:25 | Construir | Lumber Camp |
| 12:31 | Investigar | Loom |
| 12:31 | Investigar | Loom |
| 12:45 | Construir | Mining Camp |
| 12:55 | Investigar | Feudal Age |
| 14:25 | Construir | Barracks |
| 14:32 | Construir | Barracks |
| 14:40 | Construir | House |
| 15:05 | Crear | Villager (Male) |
| 15:06 | Edad | Edad Feudal |
| 15:10 | Investigar | Wheelbarrow |
| 15:20 | Construir | Blacksmith |
| 15:54 | Construir | Archery Range |
| 16:02 | Crear | Villager (Male) |
| 16:07 | Construir | Archery Range |
| 16:40 | Construir | Palisade Wall |
| 16:42 | Construir | Palisade Wall |
| 16:49 | Construir | House |
| 17:08 | Construir | House |
| 17:12 | Construir | Palisade Wall |
| 17:44 | Investigar | Castle Age |
| 17:44 | Investigar | Castle Age |
| 17:59 | Investigar | Fletching |
| 18:00 | Investigar | Fletching |
| 19:14 | Investigar | Padded Archer Armor |
| 20:24 | Edad | Edad de los Castillos |
| 20:27 | Crear | Cavalry Archer |
| 20:27 | Crear | Cavalry Archer |
| 20:32 | Crear | Villager (Male) |
| 20:51 | Crear | Villager (Male) |
| 21:00 | Construir | Town Center |
| 21:07 | Crear | Villager (Male) |
| 21:10 | Crear | Cavalry Archer |
| 21:11 | Crear | Cavalry Archer |
| 21:12 | Investigar | Bodkin Arrow |
| 21:13 | Crear | Villager (Male) |
| 21:27 | Crear | Villager (Male) |
| 21:30 | Crear | Villager (Male) |
| 21:45 | Crear | Villager (Male) |
| 22:03 | Crear | Villager (Male) |
| 22:48 | Crear | Villager (Male) |
| 23:06 | Construir | Town Center |
| 23:17 | Construir | Town Center |
| 23:23 | Investigar | Hand Cart |
| 23:23 | Crear | Villager (Male) |
| 23:23 | Crear | Villager (Male) |
| 23:24 | Crear | Villager (Male) |
| 23:24 | Crear | Villager (Male) |
| 23:34 | Crear | Villager (Male) |
| 24:04 | Crear | Villager (Male) |
| 24:04 | Crear | Villager (Male) |
| 24:23 | Crear | Villager (Male) |
| 24:23 | Crear | Villager (Male) |
| 25:11 | Crear | Villager (Male) |
| 25:11 | Crear | Villager (Male) |
| 25:26 | Crear | Villager (Male) |
| 25:26 | Crear | Villager (Male) |
| 25:28 | Crear | Cavalry Archer |
| 25:29 | Crear | Cavalry Archer |
| 25:45 | Construir | House |
| 26:01 | Construir | University |
| 26:04 | Construir | Archery Range |
| 26:12 | Construir | House |
| 26:17 | Crear | Cavalry Archer ×3 |
| 26:59 | Crear | Villager (Male) |
| 26:59 | Crear | Villager (Male) |
| 27:30 | Construir | House |
| 27:34 | Construir | House |
| 28:09 | Construir | Castle |
| 28:13 | Crear | Villager (Male) |
| 28:24 | Crear | Cavalry Archer ×5 |
| 28:26 | Crear | Villager (Male) |
| 29:51 | Investigar | Ballistics |
| 30:41 | Construir | Town Center |
| 32:20 | Construir | Town Center |
| 32:45 | Construir | Mill |
| 33:18 | Construir | Lumber Camp |
| 33:56 | Crear | Villager (Male) |
| 33:56 | Crear | Villager (Male) |
| 33:57 | Crear | Villager (Male) |
| 33:57 | Crear | Villager (Male) |
| 33:57 | Crear | Villager (Male) |
| 33:57 | Crear | Villager (Male) |
| 34:09 | Construir | Castle |
| 34:13 | Crear | Villager (Male) |
| 34:14 | Crear | Villager (Male) |
| 34:14 | Crear | Villager (Male) |
| 34:14 | Crear | Villager (Male) |
| 35:03 | Construir | Town Center |
| 35:11 | Crear | Villager (Male) |
| 35:11 | Crear | Villager (Male) |
| 35:12 | Crear | Villager (Male) |
| 35:12 | Crear | Villager (Male) |
| 35:37 | Construir | Town Center |
| 35:41 | Crear | Villager (Male) |
| 35:41 | Crear | Villager (Male) |
| 35:41 | Crear | Villager (Male) |
| 36:19 | Crear | Villager (Male) |
| 36:24 | Construir | Lumber Camp |
| 36:50 | Construir | Mining Camp |
| 37:38 | Investigar | Leather Archer Armor |
| 37:39 | Crear | Villager (Male) |
| 37:39 | Crear | Villager (Male) |
| 37:44 | Crear | Cavalry Archer ×5 |
| 37:59 | Construir | Stable |
Build order — Mahmutik
Primeras 150 de 542 acciones detectadas
| 0:30 | Construir | Town Center |
| 3:18 | Crear | Villager (Male) |
| 3:18 | Crear | Villager (Male) |
| 3:18 | Crear | Villager (Male) |
| 3:18 | Crear | Villager (Male) |
| 3:18 | Crear | Villager (Male) |
| 3:48 | Construir | House |
| 4:34 | Crear | Villager (Male) |
| 5:03 | Crear | Villager (Male) |
| 6:10 | Crear | Villager (Male) |
| 6:10 | Crear | Villager (Male) |
| 6:28 | Construir | House |
| 6:32 | Investigar | Loom |
| 6:33 | Crear | Villager (Male) |
| 7:15 | Crear | Villager (Male) |
| 7:15 | Crear | Villager (Male) |
| 7:15 | Crear | Villager (Male) |
| 7:16 | Crear | Villager (Male) |
| 7:33 | Crear | Villager (Male) |
| 7:46 | Construir | Lumber Camp |
| 8:09 | Construir | House |
| 8:28 | Crear | Villager (Male) |
| 8:28 | Crear | Villager (Male) |
| 8:29 | Crear | Villager (Male) |
| 9:03 | Crear | Villager (Male) |
| 9:04 | Crear | Villager (Male) |
| 9:04 | Crear | Villager (Male) |
| 10:01 | Crear | Villager (Male) |
| 10:02 | Crear | Villager (Male) |
| 10:33 | Construir | House |
| 10:43 | Construir | Mill |
| 11:09 | Investigar | Feudal Age |
| 11:52 | Construir | House |
| 12:14 | Crear | Villager (Male) |
| 12:15 | Crear | Villager (Male) |
| 12:15 | Crear | Villager (Male) |
| 12:15 | Crear | Villager (Male) |
| 12:16 | Crear | Villager (Male) |
| 13:02 | Construir | Barracks |
| 13:20 | Edad | Edad Feudal |
| 13:27 | Investigar | Double-Bit Axe |
| 13:34 | Crear | Villager (Male) |
| 13:34 | Crear | Villager (Male) |
| 13:48 | Crear | Villager (Male) |
| 13:48 | Crear | Villager (Male) |
| 13:48 | Crear | Villager (Male) |
| 13:48 | Crear | Villager (Male) |
| 14:20 | Construir | Mill |
| 15:07 | Construir | Archery Range |
| 15:19 | Crear | Villager (Male) |
| 15:19 | Crear | Villager (Male) |
| 16:07 | Crear | Archer |
| 16:14 | Construir | Archery Range |
| 16:26 | Construir | House |
| 16:38 | Construir | Palisade Wall |
| 16:48 | Crear | Archer |
| 16:52 | Construir | House |
| 16:54 | Crear | Archer |
| 16:54 | Crear | Archer |
| 17:10 | Crear | Archer |
| 17:10 | Crear | Archer |
| 17:10 | Crear | Archer |
| 17:14 | Crear | Villager (Male) |
| 17:15 | Crear | Villager (Male) |
| 17:32 | Crear | Archer |
| 17:33 | Crear | Archer |
| 17:57 | Crear | Villager (Male) |
| 17:57 | Crear | Villager (Male) |
| 18:12 | Construir | Palisade Wall |
| 18:42 | Construir | House |
| 19:05 | Construir | Palisade Gate |
| 19:10 | Construir | Palisade Wall |
| 19:22 | Construir | Blacksmith |
| 20:21 | Investigar | Castle Age |
| 20:27 | Investigar | Horse Collar |
| 20:31 | Construir | Farm |
| 20:59 | Construir | Farm |
| 21:00 | Construir | Farm |
| 21:03 | Construir | Farm |
| 21:07 | Construir | Farm |
| 21:25 | Construir | House |
| 22:00 | Construir | House |
| 22:02 | Construir | House |
| 22:15 | Construir | House |
| 22:16 | Construir | House |
| 23:02 | Edad | Edad de los Castillos |
| 23:06 | Construir | Town Center |
| 23:20 | Investigar | Fletching |
| 23:34 | Construir | House |
| 23:37 | Construir | House |
| 23:39 | Construir | House |
| 23:52 | Crear | Villager (Male) |
| 23:52 | Crear | Villager (Male) |
| 23:52 | Crear | Villager (Male) |
| 23:52 | Crear | Villager (Male) |
| 23:52 | Crear | Villager (Male) |
| 23:53 | Crear | Villager (Male) |
| 23:53 | Crear | Villager (Male) |
| 23:53 | Crear | Villager (Male) |
| 23:54 | Crear | Villager (Male) |
| 23:54 | Crear | Villager (Male) |
| 24:43 | Crear | Villager (Male) |
| 24:44 | Crear | Villager (Male) |
| 25:12 | Construir | Town Center |
| 25:23 | Crear | Villager (Male) |
| 25:23 | Crear | Villager (Male) |
| 25:23 | Crear | Villager (Male) |
| 25:25 | Crear | Villager (Male) |
| 25:25 | Crear | Villager (Male) |
| 25:47 | Construir | Market |
| 25:55 | Crear | Villager (Male) |
| 25:56 | Crear | Villager (Male) |
| 25:56 | Crear | Villager (Male) |
| 26:17 | Construir | Palisade Wall |
| 26:26 | Construir | Lumber Camp |
| 26:34 | Crear | Villager (Male) |
| 26:34 | Crear | Villager (Male) |
| 26:35 | Crear | Villager (Male) |
| 26:59 | Crear | Villager (Male) |
| 26:59 | Crear | Villager (Male) |
| 27:08 | Crear | Villager (Male) |
| 27:08 | Crear | Villager (Male) |
| 27:09 | Crear | Villager (Male) |
| 27:36 | Construir | Town Center |
| 28:05 | Construir | Farm |
| 28:08 | Crear | Villager (Male) |
| 28:09 | Crear | Villager (Male) |
| 28:09 | Crear | Villager (Male) |
| 28:09 | Crear | Villager (Male) |
| 28:09 | Crear | Villager (Male) |
| 28:10 | Crear | Villager (Male) |
| 28:33 | Crear | Villager (Male) |
| 28:33 | Crear | Villager (Male) |
| 28:33 | Crear | Villager (Male) |
| 28:33 | Crear | Villager (Male) |
| 28:33 | Crear | Villager (Male) |
| 28:48 | Construir | Castle |
| 29:15 | Investigar | Thumb Ring |
| 29:51 | Crear | Villager (Male) |
| 29:52 | Crear | Villager (Male) |
| 29:52 | Crear | Villager (Male) |
| 29:52 | Crear | Villager (Male) |
| 29:52 | Crear | Villager (Male) |
| 29:52 | Crear | Villager (Male) |
| 29:53 | Crear | Villager (Male) |
| 30:00 | Construir | Farm |
| 30:00 | Construir | Farm |
| 30:01 | Construir | Farm |
| 30:01 | Construir | Farm |
| 30:01 | Construir | Farm |
Build order — ObserverNW
Primeras 150 de 508 acciones detectadas
| 0:07 | Construir | Town Center |
| 2:03 | Construir | House |
| 2:16 | Crear | Villager (Male) |
| 2:17 | Crear | Villager (Male) |
| 2:17 | Crear | Villager (Male) |
| 2:17 | Crear | Villager (Male) |
| 2:18 | Crear | Villager (Male) |
| 2:54 | Construir | House |
| 3:23 | Crear | Villager (Male) |
| 3:23 | Crear | Villager (Male) |
| 3:38 | Construir | House |
| 4:05 | Construir | House |
| 4:17 | Crear | Villager (Male) |
| 4:55 | Crear | Villager (Male) |
| 4:55 | Crear | Villager (Male) |
| 5:11 | Crear | Villager (Male) |
| 5:12 | Crear | Villager (Male) |
| 5:45 | Crear | Villager (Male) |
| 6:04 | Crear | Villager (Male) |
| 6:35 | Crear | Villager (Male) |
| 6:35 | Crear | Villager (Male) |
| 6:53 | Crear | Villager (Male) |
| 6:53 | Crear | Villager (Male) |
| 7:09 | Crear | Villager (Male) |
| 7:34 | Crear | Villager (Male) |
| 8:48 | Investigar | Feudal Age |
| 8:48 | Investigar | Feudal Age |
| 9:12 | Construir | House |
| 9:16 | Crear | Villager (Male) |
| 9:39 | Crear | Villager (Male) |
| 10:30 | Construir | House |
| 10:58 | Edad | Edad Feudal |
| 11:02 | Investigar | Loom |
| 12:14 | Investigar | Castle Age |
| 12:14 | Investigar | Castle Age |
| 12:52 | Construir | Stable |
| 13:57 | Construir | Mill |
| 14:02 | Crear | Villager (Male) |
| 14:14 | Crear | Villager (Male) |
| 14:29 | Construir | House |
| 14:54 | Edad | Edad de los Castillos |
| 14:54 | Crear | Knight |
| 14:55 | Crear | Knight |
| 15:25 | Crear | Villager (Male) |
| 15:26 | Crear | Scout Cavalry |
| 15:28 | Crear | Knight |
| 15:37 | Construir | Town Center |
| 15:44 | Construir | Town Center |
| 15:52 | Crear | Villager (Male) |
| 16:06 | Crear | Knight |
| 16:47 | Crear | Villager (Male) |
| 17:00 | Investigar | Town Watch |
| 17:08 | Crear | Knight |
| 17:09 | Crear | Villager (Male) |
| 17:10 | Crear | Villager (Male) |
| 17:39 | Crear | Villager (Male) |
| 17:41 | Crear | Villager (Male) |
| 17:55 | Construir | Blacksmith |
| 18:07 | Crear | Villager (Male) |
| 18:29 | Crear | Knight |
| 18:33 | Construir | House |
| 19:36 | Investigar | Scale Barding Armor |
| 19:39 | Crear | Knight |
| 20:23 | Crear | Villager (Male) |
| 20:25 | Crear | Villager (Male) |
| 20:25 | Crear | Villager (Male) |
| 20:33 | Crear | Villager (Male) |
| 20:55 | Crear | Villager (Male) |
| 20:58 | Crear | Villager (Male) |
| 20:58 | Crear | Villager (Male) |
| 21:02 | Construir | Town Center |
| 21:48 | Construir | Monastery |
| 21:50 | Crear | Villager (Male) |
| 21:53 | Construir | House |
| 21:57 | Crear | Knight |
| 21:58 | Crear | Knight |
| 22:32 | Crear | Monk |
| 22:47 | Crear | Villager (Male) |
| 22:47 | Crear | Villager (Male) |
| 22:47 | Crear | Villager (Male) |
| 23:19 | Construir | Mining Camp |
| 23:33 | Crear | Monk |
| 23:36 | Construir | Farm |
| 23:47 | Construir | Farm |
| 24:14 | Crear | Monk |
| 24:40 | Crear | Villager (Male) |
| 24:41 | Crear | Villager (Male) |
| 24:41 | Crear | Villager (Male) |
| 24:45 | Construir | House |
| 24:46 | Construir | House |
| 25:01 | Crear | Villager (Male) |
| 25:07 | Crear | Villager (Male) |
| 25:08 | Crear | Villager (Male) |
| 25:21 | Crear | Villager (Male) |
| 25:22 | Crear | Villager (Male) |
| 25:37 | Construir | Farm |
| 25:38 | Crear | Villager (Male) |
| 25:39 | Crear | Villager (Male) |
| 25:57 | Construir | House |
| 25:59 | Crear | Villager (Male) |
| 26:02 | Construir | Farm |
| 26:21 | Crear | Villager (Male) |
| 26:25 | Construir | House |
| 26:35 | Crear | Villager (Male) |
| 26:40 | Crear | Villager (Male) |
| 27:05 | Construir | Castle |
| 27:09 | Crear | Villager (Male) |
| 27:09 | Crear | Villager (Male) |
| 27:23 | Crear | Villager (Male) |
| 27:26 | Construir | Farm |
| 27:27 | Construir | Farm |
| 27:27 | Construir | Farm |
| 27:27 | Construir | Farm |
| 27:27 | Construir | Farm |
| 27:30 | Crear | Villager (Male) |
| 27:49 | Construir | Palisade Wall |
| 27:50 | Construir | Palisade Wall |
| 27:50 | Construir | Palisade Wall |
| 28:01 | Crear | Villager (Male) |
| 28:02 | Crear | Villager (Male) |
| 28:41 | Crear | Ballista Elephant |
| 29:20 | Crear | Ballista Elephant |
| 29:28 | Crear | Villager (Male) |
| 29:28 | Crear | Villager (Male) |
| 29:29 | Crear | Villager (Male) |
| 29:30 | Crear | Villager (Male) |
| 29:30 | Crear | Villager (Male) |
| 29:30 | Crear | Villager (Male) |
| 29:39 | Crear | Ballista Elephant |
| 29:58 | Construir | Palisade Wall |
| 29:59 | Construir | Palisade Wall |
| 30:00 | Construir | Palisade Wall |
| 30:08 | Crear | Ballista Elephant |
| 30:10 | Crear | Villager (Male) |
| 30:15 | Crear | Villager (Male) |
| 30:33 | Crear | Ballista Elephant |
| 30:55 | Crear | Ballista Elephant |
| 31:08 | Construir | Town Center |
| 31:15 | Investigar | Wheelbarrow |
| 31:18 | Crear | Villager (Male) |
| 31:18 | Crear | Villager (Male) |
| 31:49 | Crear | Ballista Elephant |
| 31:52 | Crear | Villager (Male) |
| 32:03 | Crear | Villager (Male) ×2 |
| 32:03 | Crear | Villager (Male) ×2 |
| 32:19 | Crear | Ballista Elephant |
| 32:32 | Crear | Villager (Male) ×3 |
| 32:40 | Construir | Lumber Camp |
| 32:44 | Crear | Villager (Male) |
| 33:00 | Crear | Ballista Elephant |
Cronología de la partida
| 9:34 | The FroZen BlaDe · first_building Barracks |
| 10:23 | JamesGoldAA · wall_segment Palisade Wall x1 |
| 10:58 | ObserverNW · age_up feudal |
| 11:03 | JamesGoldAA · first_building Barracks |
| 11:36 | 4ndr3w · age_up feudal |
| 11:57 | The FroZen BlaDe · wall_segment Palisade Wall x4 |
| 12:01 | trx_buff · wall_segment Palisade Wall x1 |
| 12:03 | JamesGoldAA · age_up feudal |
| 12:08 | JamesGoldAA · first_building Stable |
| 12:42 | trx_buff · age_up feudal |
| 12:52 | ObserverNW · first_building Stable |
| 13:02 | Mahmutik · first_building Barracks |
| 13:05 | The FroZen BlaDe · wall_segment Palisade Wall x1 |
| 13:20 | Mahmutik · age_up feudal |
| 13:31 | The FroZen BlaDe · age_up feudal |
| 13:35 | 4ndr3w · first_market_sell 100 stone |
| 14:00 | Nezdeshni · age_up feudal |
| 14:25 | Aragami2k · first_building Barracks |
| 14:28 | 4ndr3w · first_building Barracks |
| 14:54 | ObserverNW · age_up castle |
| 15:06 | Aragami2k · age_up feudal |
| 15:07 | Mahmutik · first_building Archery Range |
| 15:54 | Aragami2k · first_building Archery Range |
| 16:12 | trx_buff · age_up castle |
| 16:15 | The FroZen BlaDe · wall_segment Palisade Wall x4 |
| 16:36 | trx_buff · first_building Monastery |
| 16:38 | Mahmutik · wall_segment Palisade Wall x3 |
| 16:40 | Aragami2k · wall_segment Palisade Wall x1 |
| 16:42 | Aragami2k · wall_segment Palisade Wall x1 |
| 16:44 | Nezdeshni · first_building Barracks |
| 16:58 | The FroZen BlaDe · wall_segment Palisade Wall x1 |
| 16:59 | The FroZen BlaDe · wall_segment Palisade Wall x1 |
| 17:12 | Aragami2k · wall_segment Palisade Wall x1 |
| 17:19 | 4ndr3w · age_up castle |
| 17:44 | 4ndr3w · first_building Castle |
| 18:12 | Mahmutik · wall_segment Palisade Wall x11 |
| 18:21 | 4ndr3w · first_building Stable |
| 18:30 | trx_buff · first_building Barracks |
| 18:30 | 4ndr3w · first_building Siege Workshop |
| 18:32 | trx_buff · wall_segment Palisade Wall x1 |
| 18:41 | The FroZen BlaDe · age_up castle |
| 18:59 | The FroZen BlaDe · first_building Castle |
| 19:10 | Mahmutik · wall_segment Palisade Wall x5 |
| 19:46 | trx_buff · wall_segment Palisade Wall x1 |
| 20:24 | Aragami2k · age_up castle |
| 20:34 | The FroZen BlaDe · first_building Siege Workshop |
| 20:42 | JamesGoldAA · age_up castle |
| 21:07 | trx_buff · first_building Castle |
| 21:48 | ObserverNW · first_building Monastery |
| 21:52 | trx_buff · wall_segment Palisade Wall x1 |
| 22:15 | Nezdeshni · age_up castle |
| 22:21 | Nezdeshni · first_building Castle |
| 22:39 | trx_buff · first_market_buy 100 food |
| 23:02 | Mahmutik · age_up castle |
| 25:49 | Nezdeshni · first_market_buy 500 food |
| 26:17 | Mahmutik · wall_segment Palisade Wall x9 |
| 27:05 | ObserverNW · first_building Castle |
| 27:49 | ObserverNW · wall_segment Palisade Wall x1 |
| 27:50 | ObserverNW · wall_segment Palisade Wall x1 |
| 27:50 | ObserverNW · wall_segment Palisade Wall x1 |
| 28:09 | Aragami2k · first_building Castle |
| 28:25 | 4ndr3w · wall_segment Stone Wall x1 |
| 28:43 | The FroZen BlaDe · first_market_buy 100 food |
| 28:48 | Mahmutik · first_building Castle |
| 29:11 | Mahmutik · first_market_buy 100 food |
| 29:58 | ObserverNW · wall_segment Palisade Wall x5 |
| 29:59 | ObserverNW · wall_segment Palisade Wall x6 |
| 30:00 | ObserverNW · wall_segment Palisade Wall x5 |
| 30:55 | The FroZen BlaDe · first_market_sell 500 wood |
| 30:58 | 4ndr3w · first_market_buy 100 food |
| 31:29 | Nezdeshni · first_market_sell 500 wood |
| 32:10 | JamesGoldAA · first_building Siege Workshop |
| 33:38 | Mahmutik · first_building Siege Workshop |
| 35:46 | Nezdeshni · first_building Archery Range |
| 36:33 | trx_buff · first_market_sell 100 wood |
| 37:45 | JamesGoldAA · first_building Castle |
| 37:59 | Aragami2k · first_building Stable |
| 38:09 | Aragami2k · wall_segment Palisade Wall x1 |
| 38:49 | trx_buff · first_building Stable |
| 40:02 | Mahmutik · wall_segment Stone Wall x14 |
| 40:06 | Mahmutik · wall_segment Stone Wall x6 |
| 40:15 | Mahmutik · wall_segment Stone Wall x15 |
| 40:17 | trx_buff · tribute_sent a jugador 1 |
| 40:17 | trx_buff · tribute_sent a jugador 2 |
| 40:17 | trx_buff · tribute_sent a jugador 3 |
| 40:17 | trx_buff · tribute_sent a jugador 5 |
| 40:17 | trx_buff · tribute_sent a jugador 6 |
| 40:17 | trx_buff · tribute_sent a jugador 7 |
| 40:17 | trx_buff · tribute_sent a jugador 8 |
| 40:22 | trx_buff · age_up imperial |
| 41:14 | trx_buff · first_building Siege Workshop |
| 42:33 | JamesGoldAA · age_up imperial |
| 43:33 | ObserverNW · age_up imperial |
| 43:54 | JamesGoldAA · first_market_buy 100 wood |
| 44:26 | Mahmutik · age_up imperial |
| 44:31 | Mahmutik · wall_segment Stone Wall x10 |
| 45:28 | Nezdeshni · age_up imperial |
| 46:06 | Mahmutik · wall_segment Stone Wall x20 |
| 47:00 | ObserverNW · wall_segment Stone Wall x25 |
| 47:05 | JamesGoldAA · tribute_sent a jugador 1 |
| 47:05 | JamesGoldAA · tribute_sent a jugador 2 |
| 47:05 | JamesGoldAA · tribute_sent a jugador 3 |
| 47:05 | JamesGoldAA · tribute_sent a jugador 4 |
| 47:05 | JamesGoldAA · tribute_sent a jugador 5 |
| 47:05 | JamesGoldAA · tribute_sent a jugador 6 |
| 47:05 | JamesGoldAA · tribute_sent a jugador 7 |
| 47:15 | Mahmutik · first_building Stable |
| 49:15 | JamesGoldAA · tribute_sent a jugador 1 |
| 49:15 | JamesGoldAA · tribute_sent a jugador 2 |
| 49:15 | JamesGoldAA · tribute_sent a jugador 3 |
| 49:15 | JamesGoldAA · tribute_sent a jugador 4 |
| 49:15 | JamesGoldAA · tribute_sent a jugador 5 |
| 49:15 | JamesGoldAA · tribute_sent a jugador 6 |
| 49:15 | JamesGoldAA · tribute_sent a jugador 7 |
| 50:17 | Aragami2k · age_up imperial |
| 51:20 | ObserverNW · wall_segment Stone Wall x13 |
| 51:31 | JamesGoldAA · first_building Archery Range |
| 52:00 | ObserverNW · wall_segment Stone Wall x18 |
| 52:09 | ObserverNW · first_market_sell 100 wood |
| 52:34 | 4ndr3w · age_up imperial |
| 53:33 | Mahmutik · tribute_sent a jugador 1 |
| 53:33 | Mahmutik · tribute_sent a jugador 2 |
| 53:33 | Mahmutik · tribute_sent a jugador 3 |
| 53:33 | Mahmutik · tribute_sent a jugador 4 |
| 53:33 | Mahmutik · tribute_sent a jugador 5 |
| 53:33 | Mahmutik · tribute_sent a jugador 7 |
| 53:33 | Mahmutik · tribute_sent a jugador 8 |
| 54:59 | ObserverNW · wall_segment Stone Wall x25 |
| 55:11 | ObserverNW · wall_segment Stone Wall x9 |
| 55:17 | ObserverNW · wall_segment Stone Wall x1 |
| 55:18 | ObserverNW · wall_segment Stone Wall x6 |
| 58:22 | JamesGoldAA · resign |
| 59:24 | ObserverNW · wall_segment Stone Wall x15 |
| 59:30 | ObserverNW · wall_segment Stone Wall x5 |
| 63:04 | ObserverNW · wall_segment Stone Wall x5 |
| 64:24 | ObserverNW · wall_segment Stone Wall x29 |
| 64:25 | ObserverNW · wall_segment Stone Wall x9 |
| 64:40 | ObserverNW · wall_segment Stone Wall x1 |
| 64:41 | ObserverNW · wall_segment Stone Wall x1 |
| 64:45 | ObserverNW · wall_segment Palisade Wall x11 |
[ ANÁLISIS IA · 1 CRÉDITO ]
¿Qué pasó realmente en esta partida?
Wolo.gg analiza cada decisión: build order, eco, micro, errores típicos por bracket. Análisis personalizado por WhatsApp o Discord en 30 segundos.
Guía civ
Gurjaras
Perfil
Jugador #684805